 Dungeon Crawl Stone Soup version 0.29.1-13-g9f3cf754e1 (webtiles) character file.

Game seed: 567604384289746831

716 promet the Covert (level 7, 0/43 HPs)
             Began as an Octopode Brigand on Feb 9, 2023.
             Was a Follower of Hepliaklqana.
             Slain by an ufetubus (4 damage)
             ... summoned by Eustachio
             ... on level 6 of the Dungeon.
             The game lasted 00:21:31 (7043 turns).

promet the Covert (Octopode Brigand)                Turns: 7043, Time: 00:21:33

Health: 0/43       AC:  1    Str: 11      XL:     7   Next: 69%
Magic:  7/7        EV: 13    Int: 13 (15) God:    Hepliaklqana [*.....]
Gold:   266        SH:  0    Dex: 13      Spells: 4/6 levels left

rFire   . . .      SeeInvis .   a - +1 trident (vamp)
rCold   + . .      Faith    .   (no shield)
rNeg    . . .      Spirit   .   (helmet restricted)
rPois   .          Reflect  .   (no amulet)
rElec   .          Harm     .   (no ring)
rCorr   .          Rampage  .   (no ring)
Will    .....                   (no ring)
Stlth   +++++.....              (no ring)
HPRegen 0.14/turn               (no ring)
MPRegen 0.10/turn               (no ring)
                                (no ring)
                                (no ring)

@: no status effects
A: reduced essence, almost no armour, amphibious, 8 rings, camouflage 1,
gelatinous body 1, (nimble swimmer 1), tentacles, cold resistance 1, wild magic
2
a: Renounce Religion, Recall Ancestor, Ancestor Identity


You were on level 6 of the Dungeon.
You worshipped Hepliaklqana.
Hepliaklqana was aware of your devotion.
You visited 1 branch of the dungeon, and saw 6 of its levels.

You collected 285 gold pieces.
You spent 19 gold pieces at shops.

Inventory:

Hand Weapons
 a - a +1 vampiric trident (weapon)
 b - a +0 sling
 d - a +2 dagger
 f - a +0 spear
 g - a +1 short sword of holy wrath
 l - a +2 short sword of protection
 s - a +0 war axe
 u - a +0 flail of protection
 v - a +0 dagger of draining
 w - a +1 dagger of draining
 y - a +1 vampiric dagger
Missiles
 c - 3 curare-tipped darts
 h - 34 stones
 o - 20 poisoned darts (quivered)
Magical Staves
 t - a staff of death
Jewellery
 z - an amulet of the acrobat
 C - a ring of fire
Wands
 m - a wand of flame (4)
Scrolls
 i - a scroll of fog
 j - a scroll of identify
 k - 4 scrolls of teleportation
 n - 2 scrolls of fear
 A - a scroll of amnesia
 B - a scroll of silence {unknown}
Potions
 e - 2 potions of heal wounds
 p - a potion of haste
 q - a potion of curing {unknown}
 r - a potion of berserk rage
 x - a potion of magic


   Skills:
 * Level 4.2 Fighting
 + Level 2.6 Short Blades
 * Level 4.3 Polearms
 + Level 0.7 Ranged Weapons
 + Level 2.3 Throwing
 + Level 2.0 Dodging
 + Level 8.5 Stealth


You had 4 spell levels left.
You knew the following spells:

 Your Spells              Type           Power      Damage    Failure   Level
a - Blink                 Tloc           0%         N/A       61%         2

Your spell library contained the following spells:

 Spells                   Type           Power      Damage    Failure   Level
 Lesser Beckoning         Tloc           0%         N/A       82%         3
 Ozocubu's Armour         Ice            0%         N/A       82%         3
 Manifold Assault         Tloc           0%         N/A       100%        5
 Metabolic Englaciation   Hex/Ice        0%         N/A       100%        5
 Simulacrum               Ice/Necr       0%         N/A       100%        6


Dungeon Overview and Level Annotations

Branches:
Dungeon (6/15)
 Temple: D:4-7

Altars:
Ashenzari
Hepliaklqana
Kikubaaqudgha
Nemelex Xobeh
Sif Muna
Uskayaw
Yredelemnul

Shops:
D:5 *

Annotations:
D:6 Eustachio


Innate Abilities, Weirdness & Mutations

Your life essence is reduced to manifest your ancestor. (-10% HP)
You cannot wear most types of armour.
You are amphibious.
You can wear up to eight rings at the same time.
Your skin changes colour to match your surroundings (Stealth+).
Your rubbery body absorbs attacks. (AC +1, EV +1)
((You are camouflaged when in or above water. (Stealth+)))
You have tentacles for arms and can constrict up to eight enemies at once.
Your flesh is cold resistant. (rC+)
Your spells are harder to cast, but more powerful.


Message History

The ufetubus misses you. The ufetubus closely misses you.
The ufetubus barely misses you.
Paullus closely misses Eustachio.
Eustachio hits Paullus with a +0 rapier.
Reach: a) +1 trident (vamp)
Press: ? - help, Dir - move target, f/p - Eustachio
Aim: Eustachio, wielding a +0 rapier and wearing a +3 leather armour of fire resistance (severely wounded, ally target, about 49% to evade your +1 vampiric trident)
You reach to attack!
You hit Eustachio.
You feel better.
Eustachio is severely wounded.
The ufetubus misses you. The ufetubus hits you.
Paullus hits Eustachio!
Eustachio hits Paullus with a +0 rapier!
The ufetubus hits you. x2
* * * LOW HITPOINT WARNING * * *
You hit the ufetubus but do no damage. You grab the ufetubus.
You squeeze the ufetubus.
The ufetubus is almost dead.
You constrict the ufetubus.
You kill the ufetubus!
The ufetubus disappears in a puff of smoke!
Paullus completely misses Eustachio.
Eustachio hits Paullus with a +0 rapier.
Paullus is destroyed!
Eustachio shouts!
Reach: a) +1 trident (vamp)
Press: ? - help, Dir - move target, f/p - Eustachio
Aim: Eustachio, wielding a +0 rapier and wearing a +3 leather armour of fire resistance (almost dead, about 49% to evade your +1 vampiric trident)
You reach to attack!
You hit Eustachio but do no damage.
Eustachio is almost dead.
Eustachio mumbles some strange words.
Aiming: Throw Flame
Press: ? - help, Shift-Dir - straight line, f/p - Eustachio
Aim: Eustachio, wielding a +0 rapier and wearing a +3 leather armour of fire resistance (almost dead, 56% to hit)
The puff of flame misses Eustachio.
You puncture Eustachio! Your grab misses Eustachio.
Eustachio is almost dead.
The ufetubus hits you.
* * * LOW HITPOINT WARNING * * *
The ufetubus hits you but does no damage.
Eustachio mumbles some strange words.
The ufetubus hits you.
You die...

### #.. ##.##
#####...#######.
#.......<.......
#.###...#######.
##.####@#######
$...5.@55......
##.#.##5#####.#
.. #.# ... #.#
## #.# #.. #.#
#..


You could see Eustachio, an iron imp (summoned), a white imp (summoned), a
shadow imp (summoned) and an ufetubus (summoned, expiring).

Vanquished Creatures
  A phantom (D:5)
  3 hounds
  2 jellies (D:5)
  An orc priest (D:4)
  Jessica (D:2)
  Terence (D:2)
  An iguana (D:5)
  2 orc wizards
  7 adders
  3 worms
  4 dart slugs
  21 orcs
  10 ball pythons
  8 bats
  8 endoplasms
  2 giant cockroaches
  5 goblins
  3 hobgoblins
  4 jackals
  6 quokkas
  5 frilled lizards
  6 kobolds
  4 rats
108 creatures vanquished.

Vanquished Creatures (collateral kills)
  Edmund (D:4)
  An orc wizard (D:4)
  4 orcs (D:5)
6 creatures vanquished.

Vanquished Creatures (others)
  2 ancestors
  A ball python (D:4)
3 creatures vanquished.

Grand Total: 117 creatures vanquished

Notes
Turn   | Place    | Note
-------+----------+-------------------------------------------
     0 | D:1      | promet the Octopode Brigand began the quest for the Orb.
     0 | D:1      | Reached XP level 1. HP: 14/14 MP: 1/1
   271 | D:1      | Reached XP level 2. HP: 19/19 MP: 2/2
   537 | D:1      | Found a faded altar of an unknown god.
   983 | D:1      | Reached XP level 3. HP: 25/25 MP: 3/3
  1332 | D:2      | Reached skill level 6 in Stealth
  1835 | D:2      | Noticed Terence
  1839 | D:2      | Killed Terence
  1840 | D:2      | Reached XP level 4. HP: 21/30 MP: 4/4
  1943 | D:2      | Learned a level 2 spell: Blink
  2209 | D:2      | Found a hazy altar of Hepliaklqana.
  2217 | D:2      | Became a worshipper of Hepliaklqana the Forgotten
  2424 | D:2      | Noticed Jessica
  2430 | D:2      | Killed Jessica
  2431 | D:2      | Reached skill level 7 in Stealth
  2431 | D:2      | Reached XP level 5. HP: 35/35 MP: 5/5
  2800 | D:3      | Found a sparkling altar of Nemelex Xobeh.
  2899 | D:3      | Found a hide-covered altar of Uskayaw.
  2953 | D:3      | Reached skill level 1 in Polearms
  3522 | D:3      | Found a basalt altar of Yredelemnul.
  3522 | D:3      | Found a broken altar of Ashenzari.
  3810 | D:4      | Reached XP level 6. HP: 26/42 MP: 6/6
  4209 | D:4      | Reached * piety under Hepliaklqana
  4237 | D:4      | Noticed Edmund
  4258 | D:4      | Killed Edmund
  4637 | D:4      | Found an ancient bone altar of Kikubaaqudgha.
  4752 | D:4      | Found a shimmering blue altar of Sif Muna.
  5085 | D:4      | Gained mutation: Your spells are a little harder to cast,
                  | but a little more powerful. [potion of mutation]
  5085 | D:4      | Gained mutation: Your spells are harder to cast, but more
                  | powerful. [potion of mutation]
  5085 | D:4      | Gained mutation: Your flesh is cold resistant. (rC+)
                  | [potion of mutation]
  5386 | D:5      | Entered Level 5 of the Dungeon
  5394 | D:5      | Reached XP level 7. HP: 43/43 MP: 7/7
  5673 | D:5      | Found Tiet's General Store.
  5680 | D:5      | Reached skill level 8 in Stealth
  6290 | D:5      | Found Jebbats's Specific Store.
  6306 | D:5      | Bought 4 poisoned darts for 19 gold pieces
  7018 | D:6      | Noticed Eustachio
  7043 | D:6      | Slain by an ufetubus

Illustrated notes

Levels and vault maps discovered:
D:1:      sevenhm_arrival_forest_fort_small_1, layout_loops_corners,
          hellmonk_ecumenical_altar_inner_sanctum
D:2:      layout_basic, basic_altar, uniq_jessica, uniq_terence
D:3:      layout_basic, mainiacjoe_overflow_catch_the_wave,
          mainiacjoe_overflow_divided_tiny, gup_sewer_entry_bowl
D:4:      layout_basic, old_standard_altar, nicolae_sif_muna_little_library,
          grunt_ministairs_5, lemuel_flame_loot_1, uniq_edmund
D:5:      layout_basic, nicolae_specific_store
D:6:      layout_loops_ring, minmay_temple_entry_fiery, serial_bayou_pond_d,
          nrook_loot_triangle, uniq_eustachio

Skill      XL: |  1  2  3  4  5  6  7 |
---------------+----------------------+-----
Stealth        | 6 7 8 |  8.5
Polearms       | 1 3 4 |  4.3
Fighting       | 3 4 |  4.2
Dodging        | 2 |  2.0
Short Blades   | |  2.6
Ranged Weapons | |  0.7
Throwing       | |  2.3

Action                   |  1- 3 |  4- 6 |  7- 9 || total
-------------------------+-------+-------+-------++-------
Melee: Dagger            |    15 |       |       ||    15
       Constrict         |     9 |    25 |    14 ||    48
       Tentacles         |     9 |    13 |    16 ||    38
       Punch             |     1 |       |     1 ||     2
       Short sword       |    49 |       |       ||    49
       Trident           |       |   119 |    71 ||   190
 Fire: Sling             |       |    10 |       ||    10
Throw: Dart              |       |    13 |       ||    13
Evoke: Wand              |       |       |     1 ||     1
  Use: Scroll            |     5 |     6 |     1 ||    12
       Potion            |       |     7 |       ||     7
 Stab: Sleeping          |    18 |    23 |     4 ||    45
       Distracted        |     1 |     1 |       ||     2
Armor: Skin              |     8 |     6 |     6 ||    20
Dodge: Dodged            |    28 |    58 |    48 ||   134
